 Dungeon Crawl Stone Soup version 0.20.1-1-g8b1a95d (webtiles) character file.

1771928 taran the Slayer (level 27, 233/233 HPs)
             Began as a Centaur Skald on Nov 8, 2017.
             Was the Champion of Okawaru.
             Escaped with the Orb
             ... and 3 runes on Nov 18, 2017!
             The game lasted 12:17:57 (64147 turns).

taran the Slayer (Centaur Skald)                   Turns: 64147, Time: 12:17:59

Health: 233/233    AC: 56    Str: 38    XL:     27
Magic:  38/38      EV: 14    Int: 21    God:    Okawaru [******]
Gold:   5211       SH:  0    Dex: 18    Spells: 18/32 levels left

rFire    + . .     SeeInvis +   c - +9 great mace "Qasoas" {holy, rPois Str+3 Dex+4 SInv}
rCold    + . .     Gourm    .   (shield currently unavailable)
rNeg     . . .     Faith    .   P - +10 crystal plate armour "Vizidiat" {rC+ MP+9 Str+3}
rPois    +         Spirit   .   z - +4 hat "Orrotwad" {rPois MR+}
rElec    +         Reflect  .   N - +2 cloak {rF+}
rCorr    .         Harm     .   h - +2 pair of gloves {Str+3}
MR       ++++.     Rnd*Rage +   I - +3 centaur barding "Jotonk" {+Blink +Inv Str+3}
Stlth    ..........             v - amulet "Apsuz" {Regen+ Slay+2}
Regen    0.9/turn               p - ring of the Mage {Wiz MR++ Int+3}
MPRegen  0.3/turn               X - ring of Diujir {rElec MR- Str+4 Dex+4 Slay+3}

@: very quick
A: hooves 3, berserk 1, clever 1, deformed body, speed 2, frail 1, sense
surroundings 1, tough skin 3
0: Orb of Zot
}: 3/15 runes: decaying, serpentine, silver
a: Heroism, Finesse, Renounce Religion, Evoke Blink, Evoke Invisibility


You escaped.
You worshipped Okawaru.
Okawaru was exalted by your worship.
You were not hungry.

You visited 10 branches of the dungeon, and saw 48 of its levels.
You visited 1 bazaar.
You also visited: Labyrinth, Trove, Ossuary, Bailey, Ice Cave and Volcano.

You collected 7896 gold pieces.
You spent 2685 gold pieces at shops.

Inventory:

Hand Weapons
 a - a +8 longbow of freezing
 b - the +8 battleaxe "Borivon" {speed, rN+}
   (Okawaru gifted it to you on level 5 of the Vaults)

   Attacks with this weapon are significantly faster.
   It protects you from negative energy.
 c - the +9 great mace "Qasoas" (weapon) {holy, rPois Str+3 Dex+4 SInv}
   (You found it on level 1 of the Depths)

   It has been blessed by the Shining One to cause great damage to the undead
   and demons.
   It affects your strength (+3).
   It affects your dexterity (+4).
   It protects you from poison.
   It lets you see invisible.
Missiles
 m - 9 javelins (quivered)
 J - 1801 arrows
 T - 8 throwing nets
Armour
 h - a +2 pair of gloves of strength (worn)
 z - the +4 hat "Orrotwad" (worn) {rPois MR+}
   (You found it on level 3 of the Vaults)

   It protects you from poison.
   It affects your resistance to hostile enchantments.
 I - the +3 centaur barding "Jotonk" (worn) {+Blink +Inv Str+3}
   (You acquired it on level 12 of the Dungeon)

   It affects your strength (+3).
   It lets you turn invisible.
   It lets you blink.
 N - a +2 cloak of fire resistance (worn)
 P - the +10 crystal plate armour "Vizidiat" (worn) {rC+ MP+9 Str+3}
   (Okawaru gifted it to you on level 2 of the Lair of Beasts)

   It affects your strength (+3).
   It protects you from cold.
   It affects your magic capacity (+9).
 Z - the +4 dragonskin cloak
   (You took it off Tiamat on level 4 of the Realm of Zot)
Magical Staves
 w - an uncursed staff of wizardry
Jewellery
 p - the ring of the Mage (left hand) {Wiz MR++ Int+3}
   (You found it on level 2 of the Lair of Beasts)

   [ring of wizardry]

   It improves your spell success rate.
   It affects your intelligence (+3).
   It affects your resistance to hostile enchantments.
 v - the amulet "Apsuz" (around neck) {Regen+ Slay+2}
   (You found it in a treasure trove)

   [amulet of regeneration]

   It affects your accuracy and damage with ranged weapons and melee attacks
   (+2).
   It increases your rate of regeneration.
 X - the ring of Diujir (right hand) {rElec MR- Str+4 Dex+4 Slay+3}
   (You took it off a vault warden on level 5 of the Vaults)

   [ring of dexterity]

   It affects your strength (+4).
   It affects your dexterity (+4).
   It affects your accuracy and damage with ranged weapons and melee attacks
   (+3).
   It insulates you from electricity.
   It affects your resistance to hostile enchantments.
Wands
 g - a wand of scattershot (3/9)
 o - a wand of digging (10/24)
 F - a wand of clouds (3/9)
 H - a wand of acid (7/15)
Scrolls
 e - 9 scrolls of recharging
 f - 2 scrolls of holy word
 i - 10 scrolls of teleportation
 k - 9 scrolls of remove curse
 l - 3 scrolls of fear
 A - 3 scrolls of summoning
 G - 6 scrolls of magic mapping
 L - 6 scrolls of identify
 O - a scroll of silence
 Q - 4 scrolls of blinking
 V - 6 scrolls of fog
Potions
 j - 5 potions of flight
 n - 6 potions of ambrosia
 r - 2 potions of cancellation
 s - 9 potions of might
 t - 5 potions of heal wounds
 B - 17 potions of curing
 E - 12 potions of magic
 M - 5 potions of agility
 R - 6 potions of haste
 S - 3 potions of brilliance
 U - a potion of resistance
Miscellaneous
 q - a box of beasts
 u - a fan of gales
 D - a phial of floods
 K - 3 phantom mirrors
 Y - 2 sacks of spiders
Comestibles
 d - 22 bread rations


   Skills:
 - Level 23.4 Fighting
 - Level 14.0(16.5) Axes
 - Level 12.3(14.8) Maces & Flails
   Level 10.0(13.1) Polearms
 - Level 15.0 Bows
 * Level 21.5 Armour
 + Level 16.8 Dodging
 - Level 3.0 Spellcasting
 - Level 4.0 Hexes
 - Level 4.0 Charms
 - Level 4.0 Summonings
 - Level 4.0 Necromancy
 - Level 4.0 Translocations
 - Level 8.0 Invocations
 - Level 6.0 Evocations


You had 18 spell levels left.
You knew the following spells:

 Your Spells              Type           Power        Failure   Level  Hunger
a - Infusion              Chrm           ###.         6%          1    None
b - Shroud of Golubria    Chrm/Tloc      ###.......   9%          2    ##.....
c - Regeneration          Chrm/Necr      ###.......   17%         3    ###....
d - Spectral Weapon       Hex/Chrm       ###.....     17%         3    ###....
f - Portal Projectile     Hex/Tloc       ###...       17%         3    ###....
g - Summon Butterflies    Summ           ###.....     6%          1    None
h - Apportation           Tloc           ###...       6%          1    None


Dungeon Overview and Level Annotations

Branches:
Dungeon (15/15)            Temple (1/1) D:7            Lair (6/6) D:9
  Swamp (4/4) Lair:4        Snake (4/4) Lair:2        Slime (0/5) Lair:5
    Orc (2/2) D:10            Elf (0/3) Orc:2        Vaults (5/5) D:13
  Crypt (0/3) Vaults:3     Depths (5/5) D:15           Hell (1/1)
    Coc (0/7) Hell            Zot (5/5) Depths:5
    Dis: Hell:1         Geh: Hell:1         Tar: Hell:1

Altars:
Cheibriados
Fedhas
Gozag
Kikubaaqudgha
Makhleb
Nemelex Xobeh
Okawaru
Ru
Sif Muna
Trog
Uskayaw
Vehumet
The Shining One
Beogh
Lugonu

Shops:
D:5 !(*   D:11 (   D:15 [   Orc:2 }?[:   Snake:3 %   Depths:1 %(*?
Depths:2 =*

Portals:
Hell: Depths:1 Depths:2 Depths:3 Depths:4 Depths:5
Abyss: Depths:1 Depths:2 Depths:3 Depths:4 Depths:5
Pandemonium: Depths:1 Depths:2 Depths:3
Ziggurat: Depths:3

Annotations:
D:13 exclusions: oklob plant and oklob sapling
Lair:1 exclusion: 2 oklob plants


Innate Abilities, Weirdness & Mutations

You have hooves in place of feet.
Armour fits poorly on your strangely shaped body.
You cover ground very quickly.
You have extremely tough skin. (AC +3)
You tend to lose your temper in combat.
Your mind is acute. (Int +2)
You are frail. (-10% HP)
You passively map a small area around you.


Message History

You climb upwards.
There is a stone staircase leading down here.
Your magical contamination has completely faded away.
There is an open door here.
HP restored.
There is a stone staircase leading up here.
You climb upwards.
There is a stone staircase leading down here.
There is a stone staircase leading up here.
You climb upwards.
There is a stone staircase leading down here.
There is a stone staircase leading up here.
You climb upwards.
There is a stone staircase leading down here.
You see here 18 bolts.
There is a stone staircase leading up here.
You climb upwards.
There is a stone staircase leading down here.
There is a staircase leading out of the dungeon here.
You have escaped!

........# #.# #.# # ........# #.#
#.# #
........########.#######.########
........##.............#.........
........########.#######.########
.............###.# #.#
..###..........#.# #.# ..#
#รท..##.#####.# ### .[#
#..........#@# ..# #...##########
### #..>........# #..#######.##
#####..# #.# ...[...# #.#
.......#######.# )............#.#
....########.#.#


There were no monsters in sight!

Vanquished Creatures
  Tiamat (Zot:4)
  5 ancient liches (Zot:5)
  Mennas (Vaults:2)
  6 orbs of fire (Zot:5)
  Boris (Depths:4)
  the Lernaean hydra (Swamp:4)
  Frederick (Vaults:2)
  Vashnia (Snake:3)
  Saint Roka (Snake:2)
  2 Killer Klowns (Zot:5)
  4 curse toes
  Geryon (Hell)
  13 golden dragons
  A Brimstone Fiend (Zot:5)
  A pandemonium lord (Zot:5)
  Jorgrun (Snake:2)
  4 liches
  3 electric golems
  14 tentacled monstrosities
  6 titans (Vaults:5)
  26 Orb Guardians
  Asterion (Vaults:2)
  7 quicksilver dragons
  4 sphinxes
  4 death cobs
  Murray (Hell)
  A thorn hunter (Swamp:3)
  18 shadow dragons
  Agnes (Snake:3)
  6 draconian monks
  17 storm dragons
  6 nagarajas (Snake:4)
  6 tengu reavers
  8 fire giants
  A daeva (D:8)
  A fire giant (shapeshifter) (Depths:4)
  An iron dragon (Vaults:5)
  4 deep elf sorcerers
  7 frost giants
  11 vault wardens
  3 draconian scorchers (Zot:2)
  The ghost of Lovchig the Severer, a journeyman DDFi of the Shining One (Depths:1)
  3 draconian knights
  3 draconian shifters
  2 ghost moths
  Aizul (Snake:1)
  Louise (Swamp:2)
  A juggernaut zombie (Depths:1)
  A deep elf elementalist (Vaults:5)
  4 draconian stormcallers
  16 very ugly things
  11 ironheart preservers
  3 draconian annihilators (Zot:1)
  5 reapers
  7 war gargoyles (Vaults:5)
  An entropy weaver (Vaults:1)
  17 stone giants
  6 black draconians
  The ghost of homeworkjunkie the Severer, a journeyman HOFi of Okawaru (IceCv)
  A vampire knight (Depths:5)
  The ghost of plantmann the Bludgeoner, a journeyman GrFi of Okawaru (Lair:6)
  3 deep elf demonologists
  4 deep elf annihilators
  4 green draconians
  3 yellow draconians
  2 spark wasps (Depths:5)
  9 purple draconians
  7 white draconians
  4 lorocyprocas
  10 red draconians
  A dire elephant (D:15)
  4 blizzard demons
  A minotaur (shapeshifter) (Vaults:5)
  A minotaur (Lab)
  4 deep elf death magi
  11 crystal guardians (Depths:3)
  Josephine (D:10)
  Snorg (D:10)
  A green death (Hell)
  6 ettins
  18 yaktaur captains
  10 fire dragons
  The ghost of ak87 the Geomancer, a journeyman DgEE (D:12)
  24 ogre magi
  The ghost of KoningWillie the Fencer, a journeyman MiFi of the Shining One (D:11)
  Erolcha (D:10)
  2 deep elf high priests
  7 rakshasas
  6 great orbs of eyes
  35 vault guards
  A hell beast (Depths:3)
  14 naga warriors
  2 spriggan air magi
  The ghost of Linguinho the Cleaver, a journeyman DsMo of Trog (D:10)
  12 anacondas
  22 hydras
  2 monstrous demonspawn
  13 ice dragons
  2 death knights
  2 catoblepae
  2 ghost crabs
  16 centaur warriors
  2 dancing weapons
  5 alligators
  63 two-headed ogres
  7 deep troll shamans
  A death yak (IceCv)
  3 tengu warriors
  6 deep troll earth magi
  A vampire mage (Vaults:3)
  8 large abominations (Depths:5)
  21 naga sharpshooters
  An orc high priest (Orc:2)
  2 spriggan berserkers (Depths:4)
  Sonja (Lair:3)
  4 sun demons
  9 shock serpents
  5 deep elf knights
  4 soul eaters
  12 hell knights
  3 shadow wraiths
  3 iron trolls
  4 salamander mystics
  A fire crab (shapeshifter) (Vaults:4)
  A cherub (D:8)
  35 deep trolls
  An anaconda zombie (Hell)
  A spriggan druid (Swamp:2)
  2 unseen horrors
  A sixfirhy (Depths:3)
  11 wizards
  11 swamp dragons
  3 shambling mangroves
  11 naga ritualists
  5 glowing orange brains
  4 flayed ghosts
  2 orange crystal statues
  A sea snake (shapeshifter) (Vaults:5)
  An obsidian statue (Depths:4)
  A sphinx zombie (Vaults:1)
  4 harpies (Vaults:1)
  An anaconda skeleton (Hell)
  9 necromancers
  6 phantasmal warriors (Vaults:5)
  12 deep elf archers
  14 orc knights
  A frost giant zombie (Vaults:3)
  12 ironbrand convokers
  2 stone giant zombies
  17 deep elf magi
  3 wolf spiders
  10 orc sorcerers
  10 mana vipers
  4 manticores
  A shining eye (shapeshifter) (Vaults:5)
  15 salamanders
  A salamander (shapeshifter) (Vaults:4)
  A tengu skeleton (Depths:1)
  46 ugly things
  11 cyclopes
  33 naga magi
  11 elephants
  17 moths of wrath
  4 ice statues
  5 rust devils
  3 orange demons
  5 toenail golems (Volcano)
  4 smoke demons
  A black mamba (shapeshifter) (Vaults:3)
  10 guardian serpents
  A molten gargoyle (Hell)
  A guardian serpent (shapeshifter) (Depths:1)
  41 black mambas
  A fire giant skeleton (Depths:1)
  A stone giant skeleton (Depths:1)
  A gargoyle (D:15)
  27 spiny frogs
  3 hellions
  17 vault sentinels
  2 kobold demonologists
  10 freezing wraiths
  An orc skeleton (Vaults:1)
  5 rime drakes
  9 komodo dragons
  A hellwing (D:8)
  4 ice devils
  A komodo dragon (shapeshifter) (Vaults:3)
  70 yaktaurs
  An efreet (D:14)
  11 trolls
  A red devil (Depths:4)
  6 tengu conjurers
  12 polar bears
  3 hydra zombies (Hell)
  7 tyrant leeches
  A polar bear (shapeshifter) (Depths:2)
  A queen bee (shapeshifter) (Vaults:4)
  A hydra skeleton (Hell)
  50 slime creatures
  15 bog bodies
  A hornet (shapeshifter) (Vaults:1)
  22 hornets
  20 blink frogs
  A stone giant simulacrum (Depths:1)
  11 hippogriffs
  A meliai zombie (D:11)
  3 human simulacra
  A frost giant simulacrum (Depths:1)
  The ghost of gungr the Changer, an amateur OpTm (D:5)
  6 dream sheep (Lair:6)
  3 ynoxinuls
  A fire dragon skeleton (Depths:1)
  8 spriggans
  A spriggan (shapeshifter) (Depths:5)
  2 air elementals (Depths:5)
  11 redbacks
  6 shadows
  A fire bat (shapeshifter) (D:13)
  5 vampires
  3 basilisks
  5 wraiths
  A water elemental (Hell)
  A fire elemental (Lair:1)
  A human (shapeshifter) (Vaults:5)
  8 wyverns (Lair:6)
  29 yaks
  Grum (D:10)
  2 hungry ghosts
  A yak (shapeshifter) (Depths:5)
  2 basilisks (shapeshifter)
  19 vampire mosquitoes
  6 chaos spawn
  Menkaure (D:5)
  A neqoxec (Depths:1)
  A soldier ant (shapeshifter) (Depths:2)
  9 wargs
  A soldier ant (D:10)
  16 insubstantial wisps
  51 nagas
  13 swamp worms
  5 hell hounds (Hell)
  A swamp worm (shapeshifter) (Vaults:5)
  3 acid dragons
  A floating eye (shapeshifter) (Depths:1)
  25 water moccasins
  6 porcupines
  15 swamp drakes
  32 orc warriors
  A hornet zombie (D:12)
  8 sky beasts
  4 ice beasts
  An elf zombie (Vaults:3)
  2 phantoms
  52 ogres
  4 boggarts (Vaults:2)
  21 centaurs
  19 wolves
  20 crocodiles
  A yaktaur zombie (Vaults:1)
  3 big kobolds
  A wyvern zombie (Ossuary)
  16 bullfrogs
  6 gnoll sergeants (Bailey)
  An earth elemental (Lab)
  2 elf skeletons
  4 small abominations (Depths:5)
  A spiny frog simulacrum (Hell)
  A hornet simulacrum (Vaults:1)
  3 wyvern skeletons
  A water moccasin zombie (Ossuary)
  2 scorpions
  12 killer bees
  2 troll zombies (D:12)
  4 wights (D:13)
  6 electric eels
  7 howler monkeys
  A troll skeleton (D:12)
  9 crimson imps
  4 quasits
  7 centaur zombies
  4 bullfrog zombies (Ossuary)
  4 lava snakes (Lab)
  7 human zombies
  4 centaur skeletons
  5 hounds
  2 bullfrog skeletons
  6 gnoll shamans (Bailey)
  16 orc priests
  7 jellies
  47 orc wizards
  3 iron imps
  Jessica (D:2)
  An iguana (D:6)
  4 human skeletons
  9 worker ants
  An ogre zombie (D:12)
  3 hound zombies
  15 mummies
  4 worker ant zombies
  A howler monkey zombie (Ossuary)
  23 gnolls
  A howler monkey skeleton (D:8)
  22 adders
  6 shadow imps
  4 white imps
  4 ufetubi
  2 oozes (D:1)
  An adder zombie (Ossuary)
  An ooze (shapeshifter) (Vaults:3)
  An adder skeleton (D:7)
  A worm (D:2)
  4 dart slugs
  3 leopard geckos
  110 orcs
  4 bats
  A giant cockroach (D:4)
  9 goblins
  11 hobgoblins
  3 jackals (D:2)
  2 quokkas
  7 ball pythons (D:13)
  5 frilled lizards
  A giant cockroach zombie (Ossuary)
  A jackal zombie (Ossuary)
  23 kobolds
  A quokka zombie (Ossuary)
  8 rats
  8 fungi
  10 plants
2406 creatures vanquished.

Vanquished Creatures (collateral kills)
  A pandemonium lord (D:8)
  A lich (D:8)
  A gnoll sergeant (Bailey)
  2 gnolls (Bailey)
5 creatures vanquished.

Vanquished Creatures (others)
  A fire giant (Vaults:5)
  A draconian knight (Depths:5)
  An ironheart preserver (Vaults:3)
  A vault guard (Vaults:5)
  A necromancer (Depths:2)
  An acid dragon (Zot:4)
  A wolf (IceCv)
  An ogre (Vaults:3)
  A gnoll sergeant (Bailey)
  A bush (Lair:6)
  30 fungi
  38 plants
  10 spectral weapons
  3 withered plants (Ossuary)
91 creatures vanquished.

Grand Total: 2502 creatures vanquished

Notes
Turn   | Place    | Note
-------+----------+-------------------------------------------
     0 | D:1      | taran the Centaur Skald began the quest for the Orb.
     0 | D:1      | Reached XP level 1. HP: 17/17 MP: 3/3
   269 | D:1      | Reached XP level 2. HP: 24/24 MP: 4/4
   273 | D:1      | Learned a level 2 spell: Shroud of Golubria
   606 | D:1      | Reached skill level 1 in Translocations
   606 | D:1      | Reached XP level 3. HP: 29/29 MP: 5/5
  1232 | D:2      | Noticed Jessica
  1264 | D:2      | Killed Jessica
  1264 | D:2      | Reached XP level 4. HP: 22/36 MP: 2/6
  1512 | D:2      | Learned a level 3 spell: Regeneration
  2046 | D:3      | Found a snail-covered altar of Cheibriados.
  2055 | D:3      | Found a deep blue altar of Sif Muna.
  2059 | D:3      | Found a bloodstained altar of Trog.
  2065 | D:3      | Found an iron altar of Okawaru.
  2071 | D:3      | Became a worshipper of Warmaster Okawaru
  2455 | D:4      | Got a warped tin ring
  2456 | D:4      | Identified the ring of the Bull {*Tele Stlth+} (You found it on level 4 of the Dungeon)
  2466 | D:4      | Noticed an ogre
  2527 | D:4      | Killed an ogre
  2527 | D:4      | Reached skill level 1 in Necromancy
  2527 | D:4      | Reached XP level 5. HP: 41/41 MP: 7/7
  2578 | D:4      | Found a sacrificial altar of Ru.
  2595 | D:4      | Found a transporter.
  2602 | D:4      | Found a transporter.
  2760 | D:4      | Reached XP level 6. HP: 48/48 MP: 6/8
  2850 | D:4      | Reached skill level 5 in Polearms
  3275 | D:5      | Entered Level 5 of the Dungeon
  3308 | D:5      | Noticed a sky beast
  3326 | D:5      | Killed a sky beast
  3326 | D:5      | Reached * piety under Okawaru
  3380 | D:5      | Reached XP level 7. HP: 39/55 MP: 9/9
  3580 | D:5      | Found a glowing golden altar of the Shining One.
  3600 | D:5      | Noticed gungr's ghost (amateur OpTm)
  3652 | D:5      | Killed gungr's ghost
  3767 | D:5      | Reached ** piety under Okawaru
  3799 | D:5      | Found Isunaise's Assorted Antiques.
  3809 | D:5      | Bought a helmet for 94 gold pieces
  3829 | D:5      | Learned a level 3 spell: Spectral Weapon
  3832 | D:5      | Noticed Menkaure
  3845 | D:5      | Killed Menkaure
  3845 | D:5      | Reached skill level 1 in Hexes
  4026 | D:5      | Found Jiach's Weapon Boutique.
  4029 | D:5      | Bought a +0 trident for 38 gold pieces
  4042 | D:5      | Reached XP level 8. HP: 56/61 MP: 7/10
  4141 | D:5      | Found Utti's Distillery.
  4144 | D:5      | Bought a potion of might for 44 gold pieces
  4144 | D:5      | Bought a potion of curing for 33 gold pieces
  4228 | D:5      | Gained mutation: You occasionally shout uncontrollably at your foes. [potion of mutation]
  4228 | D:5      | Gained mutation: You are partially covered in iridescent scales. (AC +2) [potion of mutation]
  4479 | D:6      | Reached skill level 1 in Invocations
  4653 | D:6      | Reached *** piety under Okawaru
  4671 | D:6      | Lost mutation: You occasionally shout uncontrollably at your foes. [potion of mutation]
  4671 | D:6      | Lost mutation: You are partially covered in iridescent scales. (AC +2) [potion of mutation]
  4671 | D:6      | Gained mutation: Scrolls take you a little longer to read. [potion of mutation]
  4671 | D:6      | Gained mutation: You evolve. [potion of mutation]
  4671 | D:6      | Gained mutation: You are resistant to hostile enchantments. (MR+) [potion of mutation]
  4786 | D:6      | Reached skill level 1 in Armour
  5103 | D:7      | Reached skill level 3 in Fighting
  5217 | D:7      | Found a sand-covered staircase.
  5222 | Ossuary  | Entered an ossuary
  5245 | Ossuary  | Reached XP level 9. HP: 50/70 MP: 13/13
  5378 | Ossuary  | Reached skill level 4 in Fighting
  5697 | D:7      | Reached **** piety under Okawaru
  5719 | D:7      | Found a flagged portal.
  5779 | D:7      | Found a burning altar of Makhleb.
  5780 | D:7      | Found a radiant altar of Vehumet.
  5814 | Bailey   | Entered a bailey
  6065 | Bailey   | Reached skill level 5 in Fighting
  6727 | D:7      | Found an opulent altar of Gozag.
  6912 | D:7      | Reached XP level 10. HP: 81/81 MP: 10/14
  7008 | D:7      | Reached skill level 1 in Evocations
  7143 | D:7      | Found a staircase to the Ecumenical Temple.
  7192 | Temple   | Entered the Ecumenical Temple
  7480 | D:8      | Reached ***** piety under Okawaru
  7480 | D:8      | Reached skill level 1 in Bows
  7493 | D:8      | Found a hide-covered altar of Uskayaw.
  7766 | D:8      | Found a blossoming altar of Fedhas.
  8002 | D:9      | Reached skill level 10 in Polearms
  8022 | D:9      | Found a staircase to the Lair.
  8208 | D:9      | Gained mutation: You rapidly evolve. [evolution]
  8396 | D:9      | Learned a level 3 spell: Call Canine Familiar
  8528 | D:9      | Got a translucent battleaxe
  8529 | D:9      | Identified the +8 battleaxe of the Skies Above {freeze, rC++ MR+ Dex+3} (You found it on level 9 of the Dungeon)
  8591 | D:9      | Noticed a two-headed ogre
  8616 | D:9      | Killed a two-headed ogre
  8616 | D:9      | Reached skill level 1 in Axes
  8616 | D:9      | Reached skill level 1 in Summonings
  8944 | D:9      | Found an iron altar of Okawaru.
  9197 | D:9      | Received a gift from Okawaru
  9289 | D:10     | Entered Level 10 of the Dungeon
  9404 | D:10     | Reached skill level 6 in Fighting
  9407 | D:10     | Noticed an orc knight
  9411 | D:10     | Noticed Linguinho's ghost (journeyman DsMo)
  9420 | D:10     | Killed an orc knight
  9434 | D:10     | Noticed Erolcha
  9680 | D:4      | Gained mutation: You are agile. (Dex +2) [evolution]
  9836 | Lair:1   | Entered Level 1 of the Lair of Beasts
  9836 | Lair:1   | Noticed a spiny frog
  9838 | Lair:1   | Noticed a four-headed hydra
  9839 | Lair:1   | Killed a spiny frog
  9839 | Lair:1   | Reached XP level 11. HP: 90/90 MP: 12/15
  9847 | Lair:1   | Killed a seven-headed hydra
  9847 | Lair:1   | Reached skill level 5 in Axes
  9942 | Lair:1   | Noticed an oklob plant
  9942 | Lair:1   | Noticed an oklob plant
 10216 | Lair:1   | Reached skill level 7 in Fighting
 10224 | Lair:1   | Reached skill level 5 in Armour
 10877 | Lair:2   | Received a gift from Okawaru
 10878 | Lair:2   | Got a fine hat {god gift}
 10889 | Lair:2   | Identified the +0 hat of Gestures {rF+} (Okawaru gifted it to you on level 2 of the Lair of Beasts)
 11034 | Lair:2   | Noticed a four-headed hydra
 11041 | Lair:2   | Killed a seven-headed hydra
 11041 | Lair:2   | Reached skill level 8 in Fighting
 11054 | Lair:2   | Noticed an eight-headed hydra
 11059 | Lair:2   | Killed an eight-headed hydra
 11059 | Lair:2   | Reached XP level 12. HP: 87/102 MP: 16/16
 11673 | Lair:2   | Found a staircase to the Snake Pit.
 12073 | Lair:3   | Noticed a six-headed hydra
 12080 | Lair:3   | Killed a six-headed hydra
 12350 | Lair:3   | Noticed Sonja
 12360 | Lair:3   | Killed Sonja
 12429 | Lair:3   | Lost mutation: You are agile. (Dex +2) [evolution]
 12998 | Lair:4   | Reached ****** piety under Okawaru
 13026 | Lair:4   | Reached skill level 5 in Invocations
 13334 | Lair:4   | Found a staircase to the Swamp.
 13343 | Lair:4   | Reached skill level 9 in Fighting
 13446 | Lair:4   | Received a gift from Okawaru
 13448 | Lair:4   | Reached XP level 13. HP: 59/111 MP: 17/17
 13658 | Lair:5   | Found a staircase to the Slime Pits.
 13768 | Lair:5   | Reached skill level 10 in Axes
 14440 | Lair:6   | Entered Level 6 of the Lair of Beasts
 14515 | Lair:6   | Found a frozen archway.
 14612 | IceCv    | Entered an ice cave
 14800 | IceCv    | Received a gift from Okawaru
 15026 | IceCv    | Noticed homeworkjunkie's ghost (journeyman HOFi)
 15053 | IceCv    | Killed homeworkjunkie's ghost
 15053 | IceCv    | Received a gift from Okawaru
 15157 | IceCv    | Reached skill level 10 in Fighting
 15236 | IceCv    | Noticed a frost giant
 15282 | IceCv    | Gained mutation: You can translocate small distances at will. [evolution]
 15313 | IceCv    | Killed a frost giant
 15774 | Lair:6   | Received a gift from Okawaru
 15949 | Lair:6   | Received a gift from Okawaru
 16201 | Lair:6   | Reached XP level 14. HP: 114/121 MP: 10/18
 16284 | Lair:6   | Reached skill level 5 in Dodging
 16404 | Lair:6   | Noticed plantmann's ghost (journeyman GrFi)
 16599 | Lair:6   | Killed plantmann's ghost
 16815 | Lair:6   | Received a gift from Okawaru
 16964 | Lair:6   | Lost mutation: Scrolls take you a little longer to read. [evolution]
 17167 | Lair:6   | Got a steaming chain mail
 17690 | Lair:2   | Received a gift from Okawaru
 17703 | Lair:2   | Identified the +3 chain mail of Anaesthesia {rN+++ Int+4 Slay-2} (You found it on level 6 of the Lair of Beasts)
 17707 | Lair:2   | Got a bloodstained crystal plate armour {god gift}
 17718 | Lair:2   | Identified the +10 crystal plate armour "Vizidiat" {rC+ MP+9 Str+3} (Okawaru gifted it to you on level 2 of the Lair of Beasts)
 17808 | D:10     | Killed Erolcha
 17812 | D:10     | Killed Linguinho's ghost
 17840 | D:10     | Noticed Snorg
 17855 | D:10     | Killed Snorg
 17879 | D:10     | Noticed Grum
 17884 | D:10     | Killed Grum
 17924 | D:10     | Found a staircase to the Orcish Mines.
 17927 | D:10     | Found a roughly hewn altar of Beogh.
 18160 | D:10     | Noticed Josephine
 18180 | D:10     | Killed Josephine
 19042 | D:11     | Noticed KoningWillie's ghost (journeyman MiFi)
 19063 | D:11     | Killed KoningWillie's ghost
 19155 | D:11     | Found Iloi's Antique Weapon Boutique.
 19599 | D:12     | Identified 2 scrolls of acquirement
 19701 | D:12     | Noticed ak87's ghost (journeyman DgEE)
 19715 | D:12     | Killed ak87's ghost
 19721 | D:12     | Found a labyrinth entrance.
 19737 | D:12     | Received a gift from Okawaru
 19762 | Lab      | Entered a labyrinth
 20341 | D:12     | Gained mutation: Your muscles are strong. (Str +2) [evolution]
 20341 | D:12     | Lost mutation: You rapidly evolve. [decline of evolution]
 20487 | D:12     | Found an ancient bone altar of Kikubaaqudgha.
 20624 | D:12     | Got a polished centaur barding
 20631 | D:12     | Identified the +3 centaur barding "Jotonk" {+Blink +Inv Str+3} (You acquired it on level 12 of the Dungeon)
 20706 | Orc:1    | Entered Level 1 of the Orcish Mines
 20810 | Orc:2    | Entered Level 2 of the Orcish Mines
 20859 | Orc:2    | Found a dark tunnel.
 20910 | Volcano  | Entered a volcano
 20922 | Volcano  | Reached XP level 15. HP: 128/128 MP: 21/21
 20935 | Volcano  | Reached skill level 11 in Fighting
 21266 | Orc:2    | Found a staircase to the Elven Halls.
 21452 | Orc:2    | Received a gift from Okawaru
 21809 | Orc:2    | Found Ritautha's Book Boutique.
 21830 | Orc:2    | Found Tibriet's Antique Armour Shop.
 21854 | Orc:2    | Bought a runed centaur barding for 806 gold pieces
 21854 | Orc:2    | Bought a runed helmet for 232 gold pieces
 21917 | Orc:2    | Found an ancient bone altar of Kikubaaqudgha.
 22017 | Orc:2    | Found Hoop Voa's Magic Scroll Shop.
 22042 | Orc:2    | Reached skill level 10 in Armour
 22043 | Orc:2    | Found a radiant altar of Vehumet.
 22097 | Orc:2    | Found a roughly hewn altar of Beogh.
 22097 | Orc:2    | Found Ycvys's Gadget Shop.
 22515 | Orc:1    | Found a roughly hewn altar of Beogh.
 23035 | Swamp:1  | Entered Level 1 of the Swamp
 23228 | Swamp:1  | Received a gift from Okawaru
 24025 | Swamp:2  | Noticed Louise
 24034 | Swamp:2  | Reached skill level 12 in Fighting
 24062 | Swamp:2  | Killed Louise
 24315 | Swamp:2  | Found a snail-covered altar of Cheibriados.
 24977 | Swamp:3  | Reached XP level 16. HP: 103/139 MP: 22/22
 24980 | Swamp:3  | Paralysed by a hornet for 3 turns
 25272 | Swamp:3  | Noticed a thorn hunter
 25288 | Swamp:3  | Killed a thorn hunter
 26081 | Swamp:4  | Entered Level 4 of the Swamp
 26105 | Swamp:4  | Received a gift from Okawaru
 26112 | Swamp:4  | Noticed the 27-headed Lernaean hydra
 26119 | Swamp:4  | Got a decaying rune of Zot
 26492 | Swamp:4  | Identified Uraerhab's Reference Book on Enthralling Clay
 26867 | Snake:1  | Entered Level 1 of the Snake Pit
 27702 | Snake:1  | Noticed Aizul
 27724 | Snake:1  | Killed Aizul
 27724 | Snake:1  | Reached skill level 5 in Evocations
 27870 | Snake:2  | Received a gift from Okawaru
 27931 | Snake:2  | Noticed Saint Roka
 27954 | Snake:2  | Killed Saint Roka
 28034 | Snake:2  | Gained mutation: You are frail. (-10% HP) [evolution]
 28453 | Snake:2  | Reached skill level 13 in Fighting
 28577 | Snake:2  | Received a gift from Okawaru
 28691 | Snake:2  | Reached XP level 17. HP: 125/134 MP: 23/23
 29068 | Snake:2  | Received a gift from Okawaru
 29159 | Snake:2  | Noticed Jorgrun
 29202 | Snake:2  | Killed Jorgrun
 29383 | Snake:2  | Received a gift from Okawaru
 29396 | Snake:2  | Got a fine marble ring
 29403 | Snake:2  | Identified the ring "Siamilum" {*Tele MR- Str+5 Dex+6} (You took it off a naga mage on level 2 of the Snake Pit)
 29427 | Snake:2  | Reached skill level 5 in Bows
 29893 | Snake:3  | Noticed Vashnia
 30044 | Snake:3  | Noticed Agnes
 30058 | Snake:3  | Killed Agnes
 30303 | Snake:3  | Killed Vashnia
 30417 | Snake:3  | Found Xeawnebb's Food Emporium.
 31010 | Snake:3  | Received a gift from Okawaru
 31206 | Snake:4  | Entered Level 4 of the Snake Pit
 31478 | Snake:4  | Gained mutation: Your magical capacity is low. (-10% MP) [evolution]
 31478 | Snake:4  | Lost mutation: You evolve. [end of evolution]
 31658 | Lair:2   | Lost mutation: Your magical capacity is low. (-10% MP) [potion of mutation]
 31658 | Lair:2   | Lost mutation: Your muscles are strong. (Str +2) [potion of mutation]
 31658 | Lair:2   | Gained mutation: Your spells are a little easier to cast, but a little less powerful. [potion of mutation]
 31658 | Lair:2   | Gained mutation: You are clumsy. (Dex -2) [potion of mutation]
 31658 | Lair:2   | Gained mutation: Your mind is acute. (Int +2) [potion of mutation]
 31658 | Lair:2   | Lost mutation: You are clumsy. (Dex -2) [potion of mutation]
 31659 | Lair:2   | Lost mutation: Your spells are a little easier to cast, but a little less powerful. [potion of mutation]
 31659 | Lair:2   | Lost mutation: You are resistant to hostile enchantments. (MR+) [potion of mutation]
 31659 | Lair:2   | Lost mutation: Your mind is acute. (Int +2) [potion of mutation]
 31659 | Lair:2   | Lost mutation: You can translocate small distances at will. [potion of mutation]
 31659 | Lair:2   | Lost mutation: You are frail. (-10% HP) [potion of mutation]
 31659 | Lair:2   | Gained mutation: Your muscles are strong. (Str +2) [potion of mutation]
 31659 | Lair:2   | Lost mutation: Your muscles are strong. (Str +2) [potion of mutation]
 31659 | Lair:2   | Gained mutation: You evolve. [potion of mutation]
 32030 | Swamp:4  | Killed the 21-headed Lernaean hydra
 32030 | Swamp:4  | Received a gift from Okawaru
 32030 | Swamp:4  | Reached XP level 18. HP: 146/159 MP: 24/24
 32802 | Snake:3  | Reached skill level 14 in Fighting
 33028 | Snake:4  | Received a gift from Okawaru
 33219 | Snake:4  | Received a gift from Okawaru
 34421 | Snake:4  | Received a gift from Okawaru
 34427 | Snake:4  | Reached skill level 10 in Bows
 35195 | Snake:4  | Got a serpentine rune of Zot
 35819 | D:13     | Received a gift from Okawaru
 35845 | D:13     | Found a gate to the Vaults.
 37535 | D:15     | Entered Level 15 of the Dungeon
 38138 | D:15     | Reached XP level 19. HP: 161/169 MP: 25/25
 38152 | D:15     | Found Uruyriwkoi's Armour Emporium.
 38426 | D:15     | Found a staircase to the Depths.
 38678 | Vaults:1 | Entered Level 1 of the Vaults
 38730 | Vaults:1 | Received a gift from Okawaru
 38773 | Vaults:1 | Got a brightly glowing war axe {god gift}
 38775 | Vaults:1 | Identified the +10 war axe of Conscience {chaos, rPois rC- Str+3 Dex+2} (Okawaru gifted it to you on level 1 of the Vaults)
 38807 | Vaults:1 | Reached skill level 15 in Fighting
 38939 | Vaults:1 | Received a gift from Okawaru
 39078 | Vaults:1 | Received a gift from Okawaru
 39963 | Vaults:1 | Paralysed by a great orb of eyes for 5 turns
 40630 | Vaults:2 | Received a gift from Okawaru
 41055 | Vaults:2 | Noticed Mennas
 41077 | Vaults:2 | Killed Mennas
 41077 | Vaults:2 | Received a gift from Okawaru
 41077 | Vaults:2 | Reached skill level 10 in Dodging
 41077 | Vaults:2 | Reached XP level 20. HP: 169/180 MP: 26/26
 41078 | Vaults:2 | Noticed Frederick
 41090 | Vaults:2 | Killed Frederick
 41357 | Vaults:2 | Noticed Asterion
 41376 | Vaults:2 | Killed Asterion
 41853 | Vaults:2 | Reached skill level 16 in Fighting
 41874 | Vaults:2 | Reached skill level 15 in Armour
 42529 | Vaults:3 | Received a gift from Okawaru
 43206 | Vaults:3 | Reached skill level 15 in Bows
 43329 | Vaults:3 | Got a pitted hat
 43340 | Vaults:3 | Identified the cursed +0 hat of the Land of Plenty {MR+} (You found it on level 3 of the Vaults)
 43360 | Vaults:3 | Found a radiant altar of Vehumet.
 43376 | Vaults:3 | Paralysed by a lich for 7 turns
 43386 | Vaults:3 | Paralysed by a lich for 2 turns
 43451 | Vaults:3 | Identified the +1 robe "Ikonauf" {+Fly Str-2 Int+2 Dex+3} (You found it on level 3 of the Vaults)
 43468 | Vaults:3 | Got a brightly glowing hat
 43479 | Vaults:3 | Identified the +4 hat "Orrotwad" {rPois MR+} (You found it on level 3 of the Vaults)
 43506 | Vaults:3 | Received a gift from Okawaru
 43518 | Vaults:3 | Got an ichor-stained shortbow {god gift}
 43519 | Vaults:3 | Identified the +3 shortbow of Tiehatre {venom, Str+2} (Okawaru gifted it to you on level 3 of the Vaults)
 44002 | Vaults:3 | Reached XP level 21. HP: 187/190 MP: 27/27
 44149 | Vaults:3 | Found a staircase to the Crypt.
 44181 | Vaults:3 | Received a gift from Okawaru
 44388 | Vaults:3 | Received a gift from Okawaru
 44472 | Vaults:3 | Reached skill level 17 in Fighting
 45189 | Vaults:4 | Gained mutation: Your muscles are strong. (Str +2) [evolution]
 46137 | Vaults:5 | Entered Level 5 of the Vaults
 46253 | Vaults:5 | Received a gift from Okawaru
 46340 | Vaults:5 | Identified Zak Yre's Handbook of Supportive Intoxication
 46382 | Vaults:5 | Got a silver rune of Zot
 46420 | Vaults:5 | Got a crude leather armour
 46431 | Vaults:5 | Reached skill level 18 in Fighting
 46453 | Vaults:5 | Reached XP level 22. HP: 142/202 MP: 28/28
 46455 | Vaults:5 | Paralysed by a floating eye for 4 turns
 46840 | Vaults:5 | Identified the +2 leather armour of Ethics {rN+ Int-5 Slay+6} (You found it on level 5 of the Vaults)
 46877 | Vaults:5 | Learned a level 3 spell: Portal Projectile
 47047 | Vaults:5 | Received a gift from Okawaru
 47052 | Vaults:5 | Got a smoking battleaxe {god gift}
 47055 | Vaults:5 | Identified the +8 battleaxe "Borivon" {speed, rN+} (Okawaru gifted it to you on level 5 of the Vaults)
 47086 | Vaults:5 | Paralysed by a sphinx for 6 turns
 47432 | Vaults:5 | Got an uncursed scorched dire flail {venom}
 47433 | Vaults:5 | Identified the +11 dire flail of Qojud {venom, Int+4 SInv} (You took it off a yaktaur captain on level 5 of the Vaults)
 47552 | Vaults:5 | Reached skill level 1 in Maces & Flails
 47841 | Vaults:5 | Got a polished war axe
 47842 | Vaults:5 | Identified the cursed +1 war axe "Jeghuong" {speed, rF+ Str+2 Dex-2} (You found it on level 5 of the Vaults)
 47858 | Vaults:5 | Received a gift from Okawaru
 47888 | Vaults:5 | Got a scorched great mace {freeze}
 47889 | Vaults:5 | Identified the +8 great mace of Qock {freeze, Str+4 Int+4} (You took it off a vault guard on level 5 of the Vaults)
 48167 | Vaults:5 | Noticed a golden dragon
 48173 | Vaults:5 | Killed a golden dragon
 48417 | Vaults:5 | Noticed a golden dragon
 48426 | Vaults:5 | Killed a golden dragon
 48595 | Vaults:5 | Reached skill level 5 in Maces & Flails
 48599 | Vaults:5 | Got a shimmering plate armour
 48601 | Vaults:5 | Got a coiled lapis lazuli ring
 48605 | Vaults:5 | Identified the ring of Diujir {rElec MR- Str+4 Dex+4 Slay+3} (You took it off a vault warden on level 5 of the Vaults)
 48620 | Vaults:5 | Identified the cursed +1 plate armour of Gallantry {+Inv rElec rC+++ Str-3} (You took it off a vault guard on level 5 of the Vaults)
 48738 | Vaults:5 | Gained mutation: You passively map a small area around you. [evolution]
 48738 | Vaults:5 | Lost mutation: You evolve. [end of evolution]
 48890 | Vaults:5 | Received a gift from Okawaru
 49239 | Depths:1 | Entered Level 1 of the Depths
 49254 | Depths:1 | Noticed Lovchig's ghost (journeyman DDFi)
 49255 | Depths:1 | Reached skill level 19 in Fighting
 49269 | Depths:1 | Killed Lovchig's ghost
 49387 | Depths:1 | Reached XP level 23. HP: 202/213 MP: 29/29
 49453 | Depths:1 | Learned a level 1 spell: Summon Butterflies
 49455 | Depths:1 | Learned a level 1 spell: Apportation
 49485 | Depths:1 | Got a bloodstained great mace
 49486 | Depths:1 | Identified the +9 great mace "Qasoas" {holy, rPois Str+3 Dex+4 SInv} (You found it on level 1 of the Depths)
 49725 | Depths:1 | Found a one-way gate to the infinite horrors of the Abyss.
 49788 | Depths:1 | Found a one-way gate leading to the halls of Pandemonium.
 50016 | Depths:1 | Found a gateway to Hell.
 50059 | Depths:1 | Received a gift from Okawaru
 50089 | Depths:1 | Found Wiuf's General Store.
 50089 | Depths:1 | Found Waatodef's Antique Weapon Shop.
 50093 | Depths:1 | Found Guidwycs's Food Boutique.
 50099 | Depths:1 | Bought a warped shortbow for 272 gold pieces
 50099 | Depths:1 | Identified the cursed +0 shortbow of Impermanence {velocity, Str+5} (You bought it in a shop on level 1 of the Depths)
 50176 | Depths:1 | Found a portal to a secret trove of treasure.
 50199 | Depths:1 | Found Ogitat's Magic Scroll Shoppe.
 50544 | Depths:2 | Found Meaf's Jewellery Shop.
 50844 | Depths:2 | Found Poshreug's Assorted Antiques.
 50853 | Depths:2 | Bought a blackened silver ring for 215 gold pieces
 50894 | Depths:2 | Received a gift from Okawaru
 50899 | Depths:2 | Found a gateway to a bazaar.
 50937 | Bazaar   | Entered a bazaar
 50937 | Bazaar   | Found Wuonoiro's Jewellery Shoppe.
 50937 | Bazaar   | Found Epreethoshro's General Store.
 50937 | Bazaar   | Found Omybel's Gadget Shop.
 50940 | Bazaar   | Found Mozucuph's Gadget Emporium.
 50940 | Bazaar   | Found Veraom's Gadget Shop.
 50953 | Bazaar   | Bought a phantom mirror for 270 gold pieces
 50956 | Bazaar   | Bought a wand of scattershot (3/9) for 231 gold pieces
 50990 | Bazaar   | Bought a phantom mirror for 270 gold pieces
 50990 | Bazaar   | Bought a sack of spiders for 180 gold pieces
 51719 | Depths:2 | Found a corrupted altar of Lugonu.
 52304 | Depths:3 | Found a gateway to a ziggurat.
 52446 | Depths:3 | Received a gift from Okawaru
 52893 | Depths:3 | Reached skill level 10 in Maces & Flails
 53212 | Depths:3 | Found a deep blue altar of Sif Muna.
 53604 | Depths:4 | Received a gift from Okawaru
 53776 | Depths:4 | Reached XP level 24. HP: 208/223 MP: 29/29
 53912 | Depths:4 | Found a sparkling altar of Nemelex Xobeh.
 53944 | Depths:4 | Noticed Boris
 53947 | Depths:4 | Killed Boris
 54155 | Depths:4 | Identified the +9 scimitar of Pride {protect, rElec} (You found it on level 4 of the Depths)
 54939 | Depths:5 | Entered Level 5 of the Depths
 55336 | Depths:5 | Reached skill level 20 in Fighting
 55445 | Depths:5 | Received a gift from Okawaru
 55724 | Depths:5 | Found a gate to the Realm of Zot.
 56213 | Hell     | Entered the Vestibule of Hell
 56225 | Hell     | Noticed Geryon
 56231 | Hell     | Killed Geryon
 56231 | Hell     | Received a gift from Okawaru
 56232 | Hell     | Noticed Murray
 56240 | Hell     | Killed Murray
 56404 | Hell     | Found a gateway to the freezing wastes of Cocytus.
 56640 | Depths:1 | You paid a toll of the horn of Geryon to enter a treasure trove
 56641 | Trove    | Entered a treasure trove
 56658 | Trove    | Got a bone shortbow
 56670 | Trove    | Identified the amulet "Apsuz" {Regen+ Slay+2} (You found it in a treasure trove)
 56687 | Trove    | Identified the +5 shortbow of the Traitor {speed, Int+4} (You found it in a treasure trove)
 56830 | Zot:1    | Entered Level 1 of the Realm of Zot
 57110 | Zot:1    | Received a gift from Okawaru
 57465 | Zot:2    | Received a gift from Okawaru
 57561 | Zot:2    | Reached XP level 25. HP: 230/233 MP: 29/29
 57961 | Zot:2    | Reached skill level 15 in Dodging
 58729 | Zot:3    | Received a gift from Okawaru
 60036 | Zot:4    | Received a gift from Okawaru
 60043 | Zot:4    | Reached skill level 21 in Fighting
 60555 | Zot:4    | Received a gift from Okawaru
 60599 | Zot:4    | Received a gift from Okawaru
 60665 | Zot:4    | Identified the scarf of Urchejot {+Blink rF- Str+5 Int+2} (Okawaru gifted it to you on level 4 of the Realm of Zot)
 60738 | Zot:4    | Reached XP level 26. HP: 236/244 MP: 29/29
 60752 | Zot:4    | Noticed Tiamat
 60797 | Zot:4    | Killed Tiamat
 61234 | Zot:4    | Identified the +10 great sword of Chagrin {freeze, Str+7} (You found it on level 4 of the Realm of Zot)
 61276 | Zot:4    | Identified the +4 dagger of the Inferno {freeze, Str+7} (You found it on level 4 of the Realm of Zot)
 62081 | Zot:5    | Entered Level 5 of the Realm of Zot
 62683 | Zot:5    | Noticed an ancient lich
 62708 | Zot:5    | Killed an ancient lich
 62758 | Zot:5    | Noticed an orb of fire
 62770 | Zot:5    | Gained mutation: You tend to lose your temper in combat. [an orb of fire]
 62777 | Zot:5    | Killed an orb of fire
 62783 | Zot:5    | Noticed an orb of fire
 62793 | Zot:5    | Noticed an orb of fire
 62799 | Zot:5    | Noticed an ancient lich
 62803 | Zot:5    | Gained mutation: You are frail. (-10% HP) [an orb of fire]
 62803 | Zot:5    | Lost mutation: Your muscles are strong. (Str +2) [an orb of fire]
 62807 | Zot:5    | Killed an orb of fire
 62808 | Zot:5    | Killed an orb of fire
 62808 | Zot:5    | Received a gift from Okawaru
 62808 | Zot:5    | Reached skill level 22 in Fighting
 62827 | Zot:5    | Killed an ancient lich
 62835 | Zot:5    | Noticed an orb of fire
 62846 | Zot:5    | Killed an orb of fire
 63107 | Zot:5    | Received a gift from Okawaru
 63194 | Zot:5    | Noticed an orb of fire
 63203 | Zot:5    | Gained mutation: Your mind is acute. (Int +2) [an orb of fire]
 63211 | Zot:5    | Killed an orb of fire
 63214 | Zot:5    | Noticed an orb of fire
 63231 | Zot:5    | Killed an orb of fire
 63232 | Zot:5    | Reached XP level 27. HP: 110/230 MP: 29/29
 63233 | Zot:5    | Noticed an ancient lich
 63239 | Zot:5    | Killed an ancient lich
 63251 | Zot:5    | Noticed an ancient lich
 63254 | Zot:5    | Killed an ancient lich
 63254 | Zot:5    | Reached skill level 23 in Fighting
 63334 | Zot:5    | Noticed an ancient lich
 63342 | Zot:5    | Killed an ancient lich
 63396 | Zot:5    | Got the Orb of Zot
 63414 | Zot:5    | Noticed Luanor the pandemonium lord
 63430 | Zot:5    | Killed Luanor the pandemonium lord
 63876 | D:8      | Noticed Faeqof the pandemonium lord
 63891 | D:8      | Killed Faeqof the pandemonium lord
 63992 | D:8      | Received a gift from Okawaru
 63995 | D:8      | Noticed a seraph
 64147 | D:$      | Escaped with the Orb!

Skill      XL: |  1  2  3  4  5  6  7  8  9 10 11 12 13 14 15 16 17 18 19 20 21 22 23 24 25 26 27 |
---------------+----------------------------------------------------------------------------------+-----
Polearms       | 2 3 4 6 7 8 9 10 | 10.0
Translocations | 1 2 4 |  4.0
Charms         | 3 4 |  4.0
Necromancy     | 1 2 3 4 |  4.0
Hexes          | 1 2 3 4 |  4.0
Spellcasting   | 3 |  3.0
Invocations    | 2 3 5 6 8 |  8.0
Armour         | 2 4 5 6 7 9 11 12 13 14 15 16 17 18 19 21 | 21.5
Fighting       | 3 5 6 8 9 10 12 13 14 15 16 18 19 20 21 22 23 | 23.4
Evocations     | 1 2 3 5 6 |  6.0
Bows           | 3 4 8 11 13 15 | 15.0
Axes           | 4 8 9 11 12 13 14 | 14.0
Summonings     | 1 3 4 |  4.0
Dodging        | 3 4 5 7 8 10 11 12 13 14 15 16 | 16.8
Maces & Flails | 6 10 12 | 12.3

Action                   |  1- 3 |  4- 6 |  7- 9 | 10-12 | 13-15 | 16-18 | 19-21 | 22-24 | 25-27 || total
-------------------------+-------+-------+-------+-------+-------+-------+-------+-------+-------++-------
Melee: Spear             |   132 |   153 |    40 |       |       |       |       |       |       ||   325
       Kick              |    20 |    25 |    70 |   110 |   341 |   397 |   443 |   448 |   276 ||  2130
       Trident           |       |       |    47 |       |       |       |       |       |       ||    47
       Halberd           |       |       |   102 |       |       |       |       |       |       ||   102
       Glaive            |       |       |   305 |   117 |       |       |       |       |       ||   422
       Bardiche          |       |       |    16 |       |       |       |       |       |       ||    16
       Battleaxe         |       |       |       |   367 |  1235 |  1093 |  1060 |   690 |   440 ||  4885
       Broad axe         |       |       |       |       |       |    26 |       |       |       ||    26
       Sacred scourge    |       |       |       |       |       |       |    71 |    21 |       ||    92
       Dire flail        |       |       |       |       |       |       |       |     5 |       ||     5
       Great mace        |       |       |       |       |       |       |       |   206 |    80 ||   286
 Fire: Hunting sling     |    14 |    35 |    22 |       |       |       |       |       |       ||    71
       Shortbow          |       |       |       |     4 |       |       |       |       |       ||     4
       Longbow           |       |       |       |       |    20 |   440 |   526 |   814 |   330 ||  2130
Throw: Stone             |     4 |       |       |       |       |       |       |       |       ||     4
       Javelin           |       |     2 |    24 |    31 |    16 |    13 |    12 |    12 |     7 ||   117
       Throwing net      |       |       |       |     2 |       |       |       |       |       ||     2
 Cast: Infusion          |     4 |     3 |     1 |       |       |       |       |       |       ||     8
       Shroud of Golubri |     1 |     2 |     1 |       |     1 |       |       |       |       ||     5
       Regeneration      |       |       |    12 |    37 |    73 |   157 |    27 |    18 |    46 ||   370
       Spectral Weapon   |       |       |     4 |    11 |    22 |       |     1 |       |     1 ||    39
       Call Canine Famil |       |       |       |       |     3 |       |       |       |       ||     3
       Summon Butterflie |       |       |       |       |       |       |       |       |     1 ||     1
Invok: Heroism           |       |       |    15 |    18 |    26 |    37 |    23 |    30 |    21 ||   170
       Finesse           |       |       |       |       |       |     1 |       |       |     3 ||     4
 Abil: Evoke Flight      |       |       |     4 |       |     3 |     2 |       |     1 |       ||    10
       Evoke Blink       |       |       |       |       |     4 |     1 |       |       |       ||     5
       Blink             |       |       |       |       |     1 |       |       |       |       ||     1
       Evoke Invisibilit |       |       |       |       |       |     2 |       |       |       ||     2
Evoke: Wand              |       |       |    11 |    14 |    39 |    10 |     2 |     3 |     2 ||    81
       Box of beasts     |       |       |       |       |       |       |       |       |     1 ||     1
       Phantom mirror    |       |       |       |       |       |       |       |       |     1 ||     1
  Use: Scroll            |       |       |    16 |    14 |    14 |    23 |     5 |    12 |     7 ||    91
       Potion            |       |       |     2 |       |     8 |    15 |     2 |     1 |     5 ||    33
 Stab: Paralysed         |       |       |       |     3 |       |       |       |       |       ||     3
       Distracted        |       |       |       |       |     3 |       |     1 |       |       ||     4
       Confused          |       |       |       |       |     2 |     2 |       |       |       ||     4
       Invisible         |       |       |       |       |     2 |     4 |     2 |       |       ||     8
  Eat: Chunk             |     1 |     5 |    14 |    25 |    41 |    21 |    29 |    26 |    10 ||   172
       Meat ration       |       |       |       |       |     1 |     6 |       |     1 |     1 ||     9
       Bread ration      |       |       |       |       |     1 |     2 |       |     1 |     1 ||     5
       Royal jelly       |       |       |       |       |     1 |       |       |       |       ||     1
       Fruit             |       |       |       |       |       |     4 |       |     2 |       ||     6
Armor: Leather armour    |    22 |    33 |   166 |   111 |       |       |       |       |       ||   332
       Fire dragon scale |       |       |       |   238 |   320 |       |       |       |       ||   558
       Crystal plate arm |       |       |       |       |   731 |  1264 |  1114 |   659 |   393 ||  4161
Dodge: Dodged            |    45 |    38 |   177 |   302 |   272 |   226 |   254 |   310 |   211 ||  1835
Block: Other             |       |       |       |       |       |     7 |       |       |       ||     7
